Selects Australian Defense Battlegroup
Selects Australian Defense Battlegroup
Selects Australian Defense Battlegroup
Selects Australian Light Infantry Section
Australian Light Infantry Section
Australian Light Infantry Section
Australian Light Infantry Section
Selects 2-pounder Anti-tank Gun Team
2-pounder Anti-tank Gun Team
Construct Section Command Post
Construct Platoon Command Post
Selects CMP 15cwt Supply Run
Construct Field Infirmary
Selects Reinforced Resource Caches
Australian Light Infantry Section
Construct Company Command Post
Selects Archer Tank Destroyer
Selects Vehicle Over Repair